 Dungeon Crawl Stone Soup version 0.24.0-13-gcf9b3192b9 (webtiles) character file.

Game seed: 2684240619682748479, levelgen mode: deterministic

8145 Nattfarinn the Jinx (level 11, -1/63 HPs)
             Began as a Vampire Enchanter on Nov 10, 2019.
             Was a Follower of Sif Muna.
             Slain by a skeletal warrior
             ... wielding a +0 scimitar
             ... led by a skeletal warrior
              (16 damage)
             ... on level 10 of the Dungeon.
             The game lasted 00:51:12 (13496 turns).

Nattfarinn the Jinx (Vampire Enchanter)            Turns: 13496, Time: 00:51:13

Health: -1/63      AC:  3    Str:  5 (7)  XL:     11   Next: 6%
Magic:  0/15       EV: 17    Int: 23 (24) God:    Sif Muna [*.....]
Gold:   646        SH:  9    Dex: 15 (17) Spells: 7/16 levels left

rFire    + . .     SeeInvis +   v - +8 quick blade
rCold    + + +     Gourm    .   i - +2 buckler {reflect}
rNeg     + + +     Faith    .   g - +0 robe
rPois    ∞         Spirit   .   e - +0 helmet {Int+3}
rElec    .         Reflect  +   G - scarf {rC+ rF+}
rCorr    .         Harm     .   (no gloves)
MR       +....                  (no boots)
Stlth    +++++++...             j - +4 amulet of reflection
HPRegen  0.00/turn              h - +2 ring of dexterity
MPRegen  0.14/turn              I - ring of wizardry

@: bloodless, regenerating quickly
A: no food, fangs 3, see invisible, unbreathing
a: Bat Form, Revivify, Channel Magic, Renounce Religion


You were on level 10 of the Dungeon.
You worshipped Sif Muna.
Sif Muna was aware of your devotion.
You were bloodless.

You visited 2 branches of the dungeon, and saw 12 of its levels.

You collected 646 gold pieces.

Inventory:

Hand Weapons
 v - a +8 quick blade (weapon)
 y - the +11 falchion "Owazxid" {flame, -Tele Str-3 Int+8 Stlth+}
   (You found it on level 11 of the Dungeon)

   It has been specially enchanted to burn those struck by it, causing extra
   injury to most foes and up to half again as much damage against particularly
   susceptible opponents.
   Big, fiery blades are also staple armaments of hydra-hunters.
   It affects your strength (-3).
   It affects your intelligence (+8).
   It prevents most forms of teleportation.
   It makes you more stealthy.
Missiles
 D - 3 boomerangs (quivered)
Armour
 e - a +0 helmet of intelligence (worn)
 g - a +0 robe (worn)
 i - a +2 buckler of reflection (worn)
 G - a scarf of resistance (worn)
Jewellery
 h - a +2 ring of dexterity (left hand)
 j - a +4 amulet of reflection (around neck)
 n - an uncursed amulet of the gourmand {unknown}
 r - an uncursed amulet of harm {unknown}
 A - an uncursed amulet of harm {unknown}
 I - a ring of wizardry (right hand)
 K - an uncursed ring of stealth {unknown}
Wands
 a - a wand of iceblast (8)
 o - a wand of disintegration (13)
 w - a wand of random effects (17)
 x - a wand of flame (51)
Scrolls
 d - 7 scrolls of remove curse
 k - 4 scrolls of magic mapping
 l - 10 scrolls of teleportation
 p - a scroll of fear {unknown}
 u - 2 scrolls of fog
 z - 6 scrolls of amnesia
 B - a scroll of enchant armour {unknown}
 J - a scroll of silence {unknown}
 L - a scroll of immolation {unknown}
 M - a scroll of identify
Potions
 b - 2 potions of cancellation {unknown}
 c - 4 potions of lignification {unknown}
 f - 5 potions of degeneration {unknown}
 m - 3 potions of haste {unknown}
 q - a potion of heal wounds {unknown}
 s - 6 potions of flight {unknown}
 t - 3 potions of curing {unknown}
 C - a potion of agility {unknown}
 E - 4 potions of brilliance {unknown}
 F - a potion of might {unknown}
 H - a potion of magic {unknown}


   Skills:
 + Level 5.0 Fighting
 - Level 8.1 Short Blades
 * Level 8.4 Dodging
 + Level 11.6 Stealth
 * Level 3.2 Spellcasting
 + Level 13.9 Hexes


You had 7 spell levels left.
You knew the following spells:

 Your Spells              Type           Power        Failure   Level  Hunger
a - Corona                Hex            ######.      1%          1    N/A
b - Ensorcelled Hibernat  Hex/Ice        #####.       1%          2    N/A
c - Tukima's Dance        Hex            ######..     1%          3    N/A
d - Confuse               Hex            ######..     1%          3    N/A

Your spell library contained the following spells:

 Spells                   Type           Power        Failure   Level  Hunger
 Dazzling Spray           Conj/Hex       #####.       1%          3    N/A
 Inner Flame              Hex/Fire       #####...     1%          3    N/A
 Summon Guardian Golem    Hex/Summ       #####...     1%          3    N/A
 Cause Fear               Hex            ######....   1%          4    N/A
 Fulminant Prism          Conj/Hex       #####.....   4%          4    N/A
 Invisibility             Hex            ######..     4%          6    N/A
 Apportation              Tloc           #.....       8%          1    N/A
 Flame Tongue             Conj/Fire      #....        8%          1    N/A
 Magic Dart               Conj           #...         8%          1    N/A
 Summon Butterflies       Summ           #.......     8%          1    N/A
 Summon Small Mammal      Summ           #...         8%          1    N/A
 Call Imp                 Summ           #.......     12%         2    N/A
 Passwall                 Tmut/Erth      #.......     12%         2    N/A
 Searing Ray              Conj           #.....       12%         2    N/A
 Throw Flame              Conj/Fire      #.....       12%         2    N/A
 Silence                  Hex/Air        #####.....   12%         5    N/A
 Yara's Violent Unravell  Hex/Tmut       #####.....   12%         5    N/A
 Call Canine Familiar     Summ           #.......     22%         3    N/A
 Conjure Flame            Conj/Fire      #.......     22%         3    N/A
 Ignite Poison            Fire/Tmut/Pois #.......     22%         3    N/A
 Lesser Beckoning         Tloc           #.........   22%         3    N/A
 Force Lance              Conj/Tloc      #.......     56%         4    N/A
 Iskenderun's Mystic Bla  Conj           #.......     56%         4    N/A
 Sticky Flame             Conj/Fire      #.......     56%         4    N/A
 Summon Ice Beast         Ice/Summ       #.......     56%         4    N/A
 Summon Lightning Spire   Summ/Air       #.......     56%         4    N/A
 Alistair's Intoxication  Tmut/Pois      #.......     88%         5    N/A
 Fireball                 Conj/Fire      #.........   88%         5    N/A
 Deflect Missiles         Chrm/Air       #.........   100%        6    N/A
 Dispersal                Tloc           #.........   100%        6    N/A
 Hydra Form               Tmut           #.........   100%        6    N/A
 Discord                  Hex            ######....   82%         8    N/A

Dungeon Overview and Level Annotations

Branches:
Dungeon (11/15)            Temple (1/1) D:6            Lair (0/6) D:8
    Orc: D:9-12

Altars:
Ashenzari
Cheibriados
Dithmenos
Elyvilon
Fedhas
Gozag
Hepliaklqana
Kikubaaqudgha
Makhleb
Nemelex Xobeh
Okawaru
Qazlal
Ru
Sif Muna
Trog
Uskayaw
Vehumet
Wu Jian
Xom
Yredelemnul
Zin
The Shining One

Shops:
D:6 %   D:11 [

Annotations:
D:5 2 runed translucent doors, Mrkan's ghost, novice MiFi
D:9 3 runed translucent doors
D:11 3 runed translucent doors, lis82's ghost, journeyman DgFE


Innate Abilities, Weirdness & Mutations

You do not eat.
You do not regenerate when monsters are visible.
You are frail without blood (-20% HP).
You can heal yourself when you bite living creatures.
You are immune to poison.
You have razor-sharp teeth.
You have supernaturally acute eyesight. (SInv)
You can survive without breathing.


Message History

The skeletal warrior is severely damaged.
You block the skeletal warrior's attack.
You hit the skeletal warrior.
The skeletal warrior is almost destroyed.
You barely miss the skeletal warrior.
The skeletal warrior is almost destroyed.
You hit the skeletal warrior.
The skeletal warrior is almost destroyed.
The skeletal warrior hits you with a +0 scimitar!!
* * * LOW HITPOINT WARNING * * *
You hit the skeletal warrior but do no damage.
The skeletal warrior is almost destroyed.
Casting: Tukima's Dance (safe; 1% risk of failure)
Confirm with . or Enter, or press ? or * to list all spells.
Aiming: Tukima's Dance (safe; 1% risk of failure)
Press: ? - help, Shift-Dir - straight line, f/p - skeletal warrior
Aim: a skeletal warrior, wielding a +0 scimitar (almost destroyed, chance to defeat MR: 22%)
The skeletal warrior resists with almost no effort.
The skeletal warrior hits you with a +0 scimitar!
You die...

.######..### ##..#...
...##...## #..#####
......### ##.># # ......##
#..## .......## #..#
........## ####### ##.##
.........#######.....###..#
.....(................##.##
................@z.......#
.....##.................##
....#####...............#
....# #..............##
<...# #..............#
##.## #.............## ###
##.............#
#..............# ##
######....#...##


You could see a skeletal warrior.

Vanquished Creatures
  A centaur warrior (D:11)
  An unseen horror (D:10)
  A centaur zombie (D:10)
  A kobold demonologist (D:9)
  A troll (D:10)
  Grinder (D:4)
  2 hippogriffs (D:9)
  10 yaks
  A hungry ghost (D:8)
  Menkaure (D:4)
  A water moccasin (D:10)
  A black bear (D:8)
  A sky beast (D:10)
  A necrophage (D:8)
  2 ice beasts
  4 ogres
  3 orc warriors
  3 phantoms
  3 centaurs (D:11)
  6 bullfrogs
  A gnoll sergeant (D:7)
  9 killer bees
  5 crimson imps
  A bullfrog zombie (D:5)
  3 centaur skeletons (D:8)
  2 jellies
  6 orc priests
  3 orc wizards
  3 bullfrog skeletons
  6 hounds
  3 iguanas
  4 worker ants
  A killer bee zombie (D:6)
  2 hound zombies
  A worker ant zombie (D:7)
  4 gnolls
  A howler monkey skeleton (D:5)
  5 adders
  2 shadow imps
  An adder zombie (D:6)
  An adder skeleton (D:5)
  2 worms (D:2)
  2 dart slugs (D:2)
  6 leopard geckos
  17 orcs
  3 ball pythons
  4 bats
  3 giant cockroaches
  6 goblins
  6 hobgoblins
  9 jackals
  4 kobolds
  2 quokkas
  5 frilled lizards
  A leopard gecko skeleton (D:8)
  A leopard gecko zombie (D:5)
  A quokka skeleton (D:7)
  2 rats
183 creatures vanquished.

Vanquished Creatures (collateral kills)
  Sigmund (D:4)
  An orc warrior (D:10)
  3 ogres
  A hound zombie (D:7)
  5 gnolls
  7 orcs
  A hobgoblin (D:3)
19 creatures vanquished.

Vanquished Creatures (others)
  2 dancing weapons
  5 plants (D:11)
7 creatures vanquished.

Grand Total: 209 creatures vanquished

Notes
Turn   | Place    | Note
-------+----------+-------------------------------------------
     0 | D:1      | Nattfarinn the Vampire Enchanter began the quest for the
                  | Orb.
     0 | D:1      | Reached XP level 1. HP: 13/13 MP: 3/3
   304 | D:1      | Reached XP level 2. HP: 19/19 MP: 5/5
   308 | D:1      | Learned a level 2 spell: Ensorcelled Hibernation
   575 | D:1      | Reached skill level 5 in Hexes
   708 | D:2      | Found an ornate altar of the Wu Jian Council.
   840 | D:2      | Reached skill level 5 in Stealth
   840 | D:2      | Reached XP level 3. HP: 24/24 MP: 6/6
  1323 | D:3      | Learned a level 3 spell: Tukima's Dance
  1631 | D:3      | Reached XP level 4. HP: 30/30 MP: 4/7
  1773 | D:3      | Reached skill level 6 in Hexes
  2127 | D:4      | Noticed Sigmund
  2293 | D:4      | Killed Sigmund
  2293 | D:4      | Reached skill level 7 in Hexes
  2293 | D:4      | Reached XP level 5. HP: 20/35 MP: 2/8
  2483 | D:4      | Noticed Menkaure
  2487 | D:4      | Killed Menkaure
  2487 | D:4      | Reached skill level 8 in Hexes
  2487 | D:4      | Reached XP level 6. HP: 28/41 MP: 9/9
  2679 | D:4      | Found a radiant altar of Vehumet.
  2707 | D:4      | Found a hazy altar of Hepliaklqana.
  2954 | D:4      | Noticed Grinder
  3060 | D:4      | Learned a level 3 spell: Confuse
  3123 | D:4      | Killed Grinder
  3123 | D:4      | Reached skill level 9 in Hexes
  3123 | D:4      | Reached XP level 7. HP: 29/36 MP: 7/10
  3238 | D:5      | Entered Level 5 of the Dungeon
  3260 | D:5      | Reached skill level 5 in Dodging
  3621 | D:5      | Found a large runed translucent door.
  3621 | D:5      | Found a large runed translucent door.
  3621 | D:5      | Noticed Mrkan's ghost (novice MiFi)
  3797 | D:5      | Reached skill level 10 in Hexes
  4160 | D:5      | Reached XP level 8. HP: 34/41 MP: 11/11
  5397 | D:6      | Found a staircase to the Ecumenical Temple.
  5404 | Temple   | Entered the Ecumenical Temple
  5554 | D:6      | Found Yggoreud's Food Shop.
  5933 | D:7      | Reached skill level 11 in Hexes
  6192 | D:7      | Found a white marble altar of Elyvilon.
  6425 | D:7      | Found a sacrificial altar of Ru.
  6460 | D:7      | Found a glowing golden altar of the Shining One.
  6462 | D:7      | Found an iron altar of Okawaru.
  6463 | D:7      | Found a bloodstained altar of Trog.
  6463 | D:7      | Found an ancient bone altar of Kikubaaqudgha.
  7770 | D:8      | Reached skill level 12 in Hexes
  7990 | D:8      | Reached skill level 1 in Fighting
  7990 | D:8      | Reached skill level 10 in Stealth
  8062 | D:8      | Reached XP level 9. HP: 47/47 MP: 5/12
  8872 | D:8      | Found a staircase to the Lair.
  9051 | D:8      | Found a shimmering blue altar of Sif Muna.
  9053 | D:8      | Found a sparkling altar of Nemelex Xobeh.
  9053 | D:8      | Found a stormy altar of Qazlal.
  9063 | D:8      | Became a worshipper of Sif Muna the Loreminder
  9126 | D:9      | Noticed a kobold demonologist
  9133 | D:9      | Killed a kobold demonologist
  9133 | D:9      | Reached skill level 13 in Hexes
  9268 | D:9      | Identified 2 scrolls of acquirement
  9296 | D:9      | Noticed a troll
  9804 | D:9      | Reached XP level 10. HP: 58/58 MP: 6/13
 10205 | D:9      | Found a runed translucent gate.
 10205 | D:9      | Found a runed translucent gate.
 10207 | D:9      | Found a runed translucent gate.
 10207 | D:9      | Noticed a purple ugly thing
 10210 | D:9      | Noticed a purple ugly thing
 10210 | D:9      | Noticed a brown ugly thing
 10212 | D:9      | Noticed a red ugly thing
 10217 | D:9      | Noticed a purple ugly thing
 10291 | D:9      | Reached * piety under Sif Muna
 10623 | D:10     | Entered Level 10 of the Dungeon
 10837 | D:10     | Reached skill level 5 in Short Blades
 11646 | D:10     | Noticed an unseen horror
 11649 | D:10     | Killed an unseen horror
 11872 | D:11     | Noticed a centaur warrior
 11893 | D:11     | Killed a centaur warrior
 12083 | D:11     | Noticed a skeletal warrior
 12083 | D:11     | Noticed a skeletal warrior
 12583 | D:11     | Got a transparent falchion
 12601 | D:11     | Found Focoskas's Antique Armour Boutique.
 12690 | D:11     | Identified the Disquisition on Transmigration and
                  | Displacement
 12692 | D:11     | Identified the +11 falchion "Owazxid" {flame, -Tele Str-3
                  | Int+8 Stlth+} (You found it on level 11 of the Dungeon)
 12805 | D:11     | Reached skill level 5 in Fighting
 12805 | D:11     | Reached XP level 11. HP: 63/63 MP: 8/15
 12988 | D:11     | Found a runed translucent gate.
 12989 | D:11     | Found a runed translucent gate.
 12990 | D:11     | Found a runed translucent gate.
 12991 | D:11     | Noticed lis82's ghost (journeyman DgFE)
 12991 | D:11     | Noticed a nine-headed hydra
 12992 | D:11     | Noticed an 11-headed hydra
 13243 | D:11     | Noticed a skeletal warrior
 13496 | D:10     | Slain by a skeletal warrior

Levels and vault maps discovered:
D:1:      matt_arrival_refuge, layout_basic, minmay_misc_feat_cross
D:2:      layout_rooms, nicolae_overflow_hidden_temple, hex_intersection,
          kennysheep_minor_cross
D:3:      layout_loops_ring, first_ration
D:4:      layout_loops_cross, kennysheep_little_box, kennysheep_mini_moat,
          uniq_menkaure, uniq_grinder, uniq_sigmund
D:5:      layout_layer_cave, ebering_ghost_disaster_area
D:6:      layout_basic, minmay_temple_entry_junction, serial_shops, shop,
          grunt_ministairs_3
D:7:      layout_rooms, elyvilon_altar_5, grunt_temple_overflow_open,
          kennysheep_mini, grunt_ogre_cave
D:8:      layout_basic, grunt_temple_overflow_diamond, lair_entry_dummy,
          lightli_orcish_oven
D:9:      layout_loops_corners, ploomutoo_gammafunk_ghost_potion_laboratory,
          minmay_librarian
D:10:     layout_cave_pods
D:11:     layout_loops_ring, gammafunk_ghost_hydra_chop, serial_shops, shop
Temple:   zaba_magenta_temple

Skill      XL: |  1  2  3  4  5  6  7  8  9 10 |
---------------+-------------------------------+-----
Hexes          | 5 7 8 9 10 12 13 | 13.9
Stealth        | 5 6 7 8 10 11 | 11.6
Dodging        | 3 4 5 6 7 8 |  8.4
Fighting       | 1 4 5 |  5.0
Short Blades   | 2 8 |  8.1
Spellcasting   | 3 |  3.2

Action                   |  1- 3 |  4- 6 |  7- 9 | 10-12 || total
-------------------------+-------+-------+-------+-------++-------
Melee: Dagger            |    93 |    52 |   297 |       ||   442
       Bite              |     5 |     4 |    32 |    23 ||    64
       Quick blade       |       |       |    31 |   248 ||   279
Throw: Boomerang         |       |       |     3 |       ||     3
 Cast: Corona            |     8 |       |       |       ||     8
       Ensorcelled Hiber |    14 |    13 |    32 |    20 ||    79
       Tukima's Dance    |     2 |     3 |    29 |    27 ||    61
       Confuse           |       |     1 |    33 |    18 ||    52
 Abil: Exsanguinate      |       |     1 |       |       ||     1
       End Transformatio |       |       |     1 |     1 ||     2
       Bat Form          |       |       |     1 |     1 ||     2
  Use: Scroll            |     3 |       |    16 |     3 ||    22
 Stab: Sleeping          |    20 |    14 |    42 |    19 ||    95
       Distracted        |     1 |       |       |     2 ||     3
       Confused          |       |     3 |    21 |     6 ||    30
Armor: Robe              |    17 |     6 |    33 |     7 ||    63
Dodge: Dodged            |    60 |    23 |   205 |    65 ||   353
Block: Other             |     8 |     9 |    17 |       ||    34
       Buckler           |       |       |    87 |    61 ||   148
       Reflection        |       |       |     1 |     1 ||     2
